 Dungeon Crawl Stone Soup version 0.22-a0-161-g198051c (webtiles) character file.

38 MatthieuS the Grave Robber (level 3, -2/20 HPs)
             Began as a Tengu Necromancer on Feb 11, 2018.
             Slain by an adder (3 damage)
             ... on level 2 of the Dungeon.
             The game lasted 00:05:14 (1625 turns).

MatthieuS the Grave Robber (Tengu Necromancer)      Turns: 1625, Time: 00:05:15

Health: -2/20      AC:  3    Str: 13    XL:     3   Next: 43%
Magic:  4/7        EV: 12    Int: 16    God:
Gold:   35         SH:  0    Dex: 14    Spells: 4/6 levels left

rFire    . . .     SeeInvis .   a - +4 dagger
rCold    . . .     Gourm    .   (no shield)
rNeg     . . .     Faith    .   d - +0 leather armour
rPois    .         Spirit   .   (helmet restricted)
rElec    .         Reflect  .   (no cloak)
rCorr    .         Harm     .   (no gloves)
MR       .....                  (boots unavailable)
Stlth    ++........             (no amulet)
HPRegen  0.06/turn              (no ring)
MPRegen  0.10/turn              (no ring)

@: mighty, lethally poisoned (-2 -> -6)
A: beak, talons 3
a: no special abilities


You were on level 2 of the Dungeon.
You were not hungry.

You visited 1 branch of the dungeon, and saw 2 of its levels.

You collected 35 gold pieces.

Inventory:

Hand Weapons
 a - a +4 dagger (weapon)
 w - a -1 hunting sling
Missiles
 l - 27 stones (quivered)
Armour
 d - a +0 leather armour (worn)
 h - a +0 robe
 i - a +0 ring mail
Scrolls
 g - 2 scrolls of identify
 j - a scroll of blinking
 k - a scroll of remove curse
Books
 b - a book of Necromancy

   Spells                             Type                      Level
   a - Pain                           Necromancy                   1
   b - Animate Skeleton               Necromancy                   1
   c - Vampiric Draining              Necromancy                   3
   d - Regeneration                   Charms/Necromancy            3
   e - Animate Dead                   Necromancy                   4
Comestibles
 c - 5 rations
 f - a chunk of flesh


   Skills:
 + Level 1.2 Fighting
 + Level 2.7 Dodging
 - Level 2.0 Stealth
 + Level 2.4 Spellcasting
 + Level 4.7 Necromancy


You had 4 spell levels left.
You knew the following spells:

 Your Spells              Type           Power        Failure   Level  Hunger
a - Animate Skeleton      Necr           N/A          3%          1    #......
b - Pain                  Necr           ###.         3%          1    #......


Dungeon Overview and Level Annotations

Branches:
Dungeon (2/15)

Altars:


Innate Abilities, Weirdness & Mutations

You have a beak for a mouth.
You have claws for feet.


Message History

You feel sick.
Casting: Pain (safe; 4% risk of failure)
Confirm with . or Enter, or press ? or * to list all spells.
Aiming: Pain (safe; 4% risk of failure)
Press: ? - help, Shift-Dir - straight line, f - adder
Aim: an adder (chance to defeat MR: 82%)
The adder writhes in agony!
You miss the adder. Your peck misses the adder.
The adder is heavily wounded.
The adder bites you but does no damage.
Your quokka skeleton closely misses the adder.
You closely miss the adder. Your kick misses the adder.
The adder is heavily wounded.
The adder bites you.
* * * LOW HITPOINT WARNING * * *
Your quokka skeleton closely misses the adder.
You feel very mighty all of a sudden.
* * * LOW HITPOINT WARNING * * *
You feel sick. The adder bites you.
You die...

#. #. #+## #. #...#
####.### #.....
.......## #......
#.###....####.......
.......Z....'.....?.
.###..@S####.......
#.#.## #...... # #.#
#..... ..# #..S#
.### #... #. .## # #


You could see an adder and a friendly quokka skeleton.

Vanquished Creatures
  2 adders (D:2)
  2 dart slugs (D:1)
  2 bats (D:1)
  A hobgoblin (D:1)
  5 kobolds
  A quokka (D:2)
  A frilled lizard (D:1)
  4 rats
18 creatures vanquished.

Vanquished Creatures (collateral kills)
  A dart slug (D:1)
  A goblin (D:1)
2 creatures vanquished.

Grand Total: 20 creatures vanquished

Notes
Turn   | Place    | Note
-------+----------+-------------------------------------------
     0 | D:1      | MatthieuS the Tengu Necromancer began the quest for the Orb.
     0 | D:1      | Reached XP level 1. HP: 10/10 MP: 4/4
     7 | D:1      | Learned a level 1 spell: Animate Skeleton
   474 | D:1      | Reached XP level 2. HP: 9/16 MP: 4/6
  1383 | D:2      | Reached skill level 1 in Fighting
  1383 | D:2      | Reached XP level 3. HP: 15/20 MP: 4/7
  1625 | D:2      | HP: 1/20 [poisoned by an adder]
  1625 | D:2      | Slain by an adder

Vault maps used:
D:1:      dpeg_arrival_houses_and_road
D:2:      old_standard_altar, chequers_ecumenical_altar_island, first_ration

Skill      XL: |  1  2 |
---------------+-------+-----
Fighting       | 1 |  1.2
Dodging        | |  2.7
Stealth        | |  2.0
Spellcasting   | |  2.4
Necromancy     | |  4.7

Action                   || total
-------------------------++-------
Melee: Dagger            ||    25
       Unarmed           ||     6
       Kick              ||     8
       Peck              ||     7
       Short sword       ||    11
 Fire: Hunting sling     ||    11
 Cast: Animate Skeleton  ||     7
       Pain              ||     9
  Use: Potion            ||     3
       Scroll            ||     4
 Stab: Distracted        ||     2
  Eat: Chunk             ||     2
Armor: Ring mail         ||     4
       Leather armour    ||     2
Dodge: Dodged            ||    26

Table legend:
 A = Spawn XP
 B = Non-spawn XP
 C = Spawn XP percentage of total XP
 D = Spawn monster count
 E = Non-spawn monster count
 F = Spawn count percentage of total count
 G = Total turns spent on level
                    A         B        C        D         E        F      G
               +---------+---------+-------+---------+---------+-------+---------
         Total |       0 |      55 |   0.0 |       0 |      20 |   0.0 |  1625
               +---------+---------+-------+---------+---------+-------+---------
           D:1 |       0 |      25 |   0.0 |       0 |      15 |   0.0 |  1329
           D:2 |       0 |      30 |   0.0 |       0 |       5 |   0.0 |   296
               +---------+---------+-------+---------+---------+-------+---------
